 Dungeon Crawl Stone Soup version 0.17.2-1-ge4368a0 (webtiles) character file.

162 Charly the Cudgeler (level 5, 0/41 HPs)
             Began as a Human Fighter on Aug 6, 2016.
             Slain by a quokka (2 damage)
             ... summoned by Eustachio
             ... on level 4 of the Dungeon.
             The game lasted 00:10:01 (838 turns).

Charly the Cudgeler (Human Fighter)                  Turns: 838, Time: 00:10:03

Health: 0/41       AC: 10    Str: 23    XL:     5   Next: 71%
Magic:  5/5        EV:  7    Int:  8    God:
Gold:   22         SH:  9    Dex: 12    Spells: 0 memorised, 4 levels left

rFire  . . .     SeeInvis .     a - +0 flail
rCold  . . .     Clarity  .     b - +0 scale mail
rNeg   . . .     SustAt   .     c - +0 shield
rPois  .         Gourm    .     i - +0 helmet
rElec  .         Spirit   .     n - +0 cloak
rCorr  .         Warding  .     k - +0 pair of gloves
rMut   .         Stasis   .     (no boots)
MR     .....                    (no amulet)
Stlth  ..........               (no ring)
                                (no ring)

@: mighty, not resistant to hostile enchantments, extremely unstealthy
A: no striking features
a: no special abilities


You were on level 4 of the Dungeon.
You were hungry.

You visited 1 branch of the dungeon, and saw 4 of its levels.

You collected 22 gold pieces.

Inventory:

Hand Weapons
 a - a +0 flail (weapon)
Armour
 b - a +0 scale mail (worn)
 c - a +0 shield (worn)
 i - a +0 helmet (worn)
 k - a +0 pair of gloves (worn)
 n - a +0 cloak (worn)
Scrolls
 f - 2 scrolls of identify {unknown}
 l - a scroll of fog {unknown}
 o - a scroll of blinking {unknown}
 p - 2 scrolls of teleportation {unknown}
Potions
 d - 2 potions of might
 g - a potion of heal wounds {unknown}
 h - a potion of resistance {unknown}
 j - 2 potions of lignification {unknown}
 m - a potion of berserk rage {unknown}
Comestibles
 e - 2 bread rations
 q - a meat ration


   Skills:
 - Level 3.0 Fighting
 + Level 5.4 Maces & Flails
 - Level 3.0 Armour
 - Level 3.0 Shields


You had 4 spell levels left.
You didn't know any spells.

Dungeon Overview and Level Annotations

Branches:
Dungeon (4/15)
 Temple: D:4-7

Altars:
Dithmenos

Annotations:
D:4 Eustachio


Message History

You block the iron imp's attack.
You sock the ogre!
The ogre is severely wounded.
You block Eustachio's attack. You block the quokka's attack.
The ogre hits you with a giant club!
* * * LOW HITPOINT WARNING * * *
The quokka barely misses you. The shadow imp hits you.
* * * LOW HITPOINT WARNING * * *
You thump the ogre!
You kill the ogre!
Your Maces & Flails skill increases to level 5!
You have reached level 5!
The quokka bites you but does no damage.
Eustachio mumbles some strange words.
Eustachio blinks!
The quokka bites you but does no damage.
You block the iron imp's attack. The shadow imp hits you.
* * * LOW HITPOINT WARNING * * *
The quokka bites you.
You die...

###.................##....#)####.
##...........................# #.
##...........#..........#.#..# #.
##.###.##..O.#.#######.##.#..# #.
.......##.##.#.# #.##.#..# #.
##.#.#.....#.#.#######.##.#..# #.
#.#.#######....b...@#.......# #.
..#.#.........r55.#.#.####..# ##
####.#.#####...)@5.# #.# ... #.#
#.####r.# ### #.# #.# ..# #.# #.#
..# #.# #.# ... .. .##. .# .# .#
#


You could see Eustachio, an iron imp, a shadow imp, an ufetubus, 2 quokkas and a
bat.

Vanquished Creatures
  An ogre (D:4)
  Robin (D:3)
  3 adders (D:3)
  An adder skeleton (D:4)
  A giant gecko (D:4)
  An orc (D:4)
  3 giant cockroaches
  6 hobgoblins
  2 quokkas
  A ball python (D:2)
  A bat (D:3)
  A giant newt (D:3)
  12 goblins
  2 kobolds
  A rat (D:3)
37 creatures vanquished.

Notes
Turn   | Place    | Note
--------------------------------------------------------------
     0 | D:1      | Charly the Human Fighter began the quest for the Orb.
     0 | D:1      | Reached XP level 1. HP: 18/18 MP: 1/1
   102 | D:3      | Reached XP level 2. HP: 22/24 MP: 2/2
   115 | D:3      | Noticed Robin
   166 | D:3      | Reached XP level 3. HP: 12/29 MP: 3/3
   200 | D:3      | Killed Robin
   421 | D:3      | Reached XP level 4. HP: 20/35 MP: 4/4
   487 | D:3      | Reached skill level 4 in Maces & Flails
   630 | D:3      | Found a shadowy altar of Dithmenos.
   808 | D:4      | Noticed an ogre
   828 | D:4      | Noticed Eustachio
   829 | D:4      | Charly: @?eustachio
   829 | D:4      | beem: Eustachio (@)
                  | Spd:
    10 | HD: 4    | HP: 32-48
                  | AC/EV: 3/13
                  | Dam: 6
                  | natural, weapons, items, doors, evil, spellcaster
                  | Res: magic(20)
                  | Vul: holy
                  | XP: 198
                  | Sp: sum.small mammal, sum.minor demon, blink
                  | Sz: Medium
                  | Int: human.
   838 | D:4      | Killed an ogre
   838 | D:4      | Reached skill level 5 in Maces & Flails
   838 | D:4      | Reached XP level 5. HP: 3/41 MP: 5/5
   838 | D:4      | HP: 2/41 [shadow imp[Eustachio] (1)]
   838 | D:4      | Slain by a quokka

Action                   |  1- 3 |  4- 6 || total
-------------------------+-------+-------++-------
Melee: Flail             |    89 |    55 ||   144
  Use: Potion            |       |     1 ||     1
